 Dungeon Crawl Stone Soup version 0.29.1-2-gbd0b4ee654 (webtiles) character file.

Game seed: 367178800462465713

828 BlackCrag the Conjurer (level 7, -3/36 HPs)
             Began as a Deep Elf Conjurer on Oct 26, 2022.
             Was a Believer of Vehumet.
             Slain by a killer bee (4 damage)
             ... on level 5 of the Dungeon.
             The game lasted 00:30:31 (5351 turns).

BlackCrag the Conjurer (Deep Elf Conjurer)          Turns: 5351, Time: 00:30:32

Health: -3/36      AC:  5    Str:  4    XL:     7   Next: 65%
Magic:  5/18       EV: 13    Int: 25    God:    Vehumet [**....]
Gold:   232        SH:  5    Dex: 19    Spells: 4/18 levels left

rFire   . . .      SeeInvis .   t - +2 quarterstaff (chaos)
rCold   . . .      Faith    .   (shield currently unavailable)
rNeg    . . .      Spirit   .   a - +0 robe
rPois   .          Reflect  +   (no helmet)
rElec   .          Harm     .   u - +2 cloak {rCorr}
rCorr   +          Rampage  .   (no gloves)
Will    .....                   (no boots)
Stlth   +++.......              w - amulet of reflection
HPRegen 0.12/turn               x - +6 ring of dexterity
MPRegen 0.16/turn               (no ring)

@: no status effects
A: no striking features
a: Renounce Religion


You were on level 5 of the Dungeon.
You worshipped Vehumet.
Vehumet was pleased with you.
You visited 1 branch of the dungeon, and saw 5 of its levels.

You collected 232 gold pieces.

Inventory:

Hand Weapons
 t - a +2 quarterstaff of chaos (weapon)
Armour
 a - a +0 robe (worn)
 u - a +2 cloak of preservation (worn)
Jewellery
 c - an amulet of the acrobat
 w - an amulet of reflection (around neck)
 x - a +6 ring of dexterity (left hand)
Wands
 d - a wand of paralysis (6)
Scrolls
 e - a scroll of silence
 f - 3 scrolls of fog
 i - 2 scrolls of teleportation
 k - 2 scrolls of poison
 n - a scroll of brand weapon {unknown}
 o - a scroll of vulnerability {unknown}
 q - a scroll of torment {unknown}
 r - a scroll of magic mapping {unknown}
Potions
 b - a potion of magic
 g - a potion of flight
 h - a potion of might
 j - a potion of invisibility {unknown}
 l - a potion of lignification {unknown}
 m - a potion of haste {unknown}
 p - a potion of attraction {unknown}
 s - a potion of mutation {unknown}
 v - a potion of curing {unknown}


   Skills:
 - Level 0.2 Fighting
 + Level 0.2 Short Blades
 + Level 3.3 Dodging
 + Level 3.8 Stealth
 + Level 6.4 Spellcasting
 + Level 7.7 Conjurations
 + Level 3.7 Hexes
 + Level 0.6 Air Magic
 + Level 0.5 Poison Magic
 + Level 0.6 Evocations


You had 4 spell levels left.
You knew the following spells:

 Your Spells              Type           Power      Damage    Failure   Level
a - Magic Dart            Conj           100%       1d8       1%          1
b - Searing Ray           Conj           92%        2d7       1%          2
c - Mephitic Cloud        Conj/Pois/Air  22%        N/A       6%          3
d - Fulminant Prism       Conj/Hex       18%        3d11      7%          4
e - Iskenderun's Mystic   Conj/Tloc      27%        2d7       14%         4

Your spell library contained the following spells:

 Spells                   Type           Power      Damage    Failure   Level
 Poisonous Vapours        Pois/Air       22%        N/A       9%          2
 Dazzling Flash           Conj/Hex       72%        N/A       1%          3
 Necrotise                Necr           32%        1d5       7%          1
 Call Imp                 Summ           8%         N/A       11%         2
 Ignite Poison            Fire/Tmut/Pois 8%         N/A       21%         3
 Vampiric Draining        Necr           8%         2d6       22%         3
 Summon Lightning Spire   Summ/Air       9%         N/A       52%         4
 Freezing Cloud           Conj/Ice/Air   11%        6-21      54%         5
 Agony                    Necr           8%         N/A       89%         5
 Storm Form               Tmut/Air       4%         N/A       100%        7
 Maxwell's Capacitive Co  Air            5%         ∞         100%        8


Dungeon Overview and Level Annotations

Branches:
Dungeon (5/15)
 Temple: D:4-7

Altars:
Vehumet


Message History

Aiming: Magic Dart (safe; 1% risk of failure)
Press: ? - help, Q - select action, (/) - cycle Shift-Dir - straight line, f - scorpion
Aim: a scorpion (noxious fumes, heavily wounded, confused, 100% to hit)
You miscast Magic Dart.
You are very lightly contaminated with residual magic.
Nothing appears to happen.
The scorpion is engulfed in noxious fumes.
Casting: Magic Dart (safe; 1% risk of failure)
Confirm with . or Enter, or press ? or * to list all spells.
The spell is quite dangerous to miscast (8% risk of failure)!
Continue anyway?
Aiming: Fulminant Prism (quite dangerous; 8% risk of failure)
Press: ? - help, Dir - move target, p - scorpion You conjure a prism of explosive energy!
A fulminant prism comes into view.
Your fulminant prism crackles loudly.
The scorpion stings your fulminant prism.
Your fulminant prism explodes!
The blast of energy engulfs the scorpion!!
You kill the scorpion!
Vehumet accepts your kill.
You feel your power returning.
The blast of energy engulfs the ufetubus!
You kill the ufetubus!
Vehumet accepts your kill.
You hear a shout!
There is a stone staircase leading down here.
You start resting.
Your magical contamination has completely faded away.
You start resting.
A killer bee comes into view.
The killer bee buzzes angrily.
You hear an angry buzzing noise.
The centaur shoots an arrow.
The arrow hits you!
* * * LOW HITPOINT WARNING * * *
A killer bee comes into view. x2
The centaur shoots an arrow.
The arrow hits you!
* * * LOW HITPOINT WARNING * * *
A scorpion comes into view.
There is a stone staircase leading up, spattered with blood here.
The killer bee stings you.
You die...

.###...........####.###..#.######
.###..................#..#.#
>..............####.#.#..#.#
...............####.#.#..#.######
....####.#...c......#....#.......
......##.#..........###.#########
...#.....#.........## #..........
...#.>#............#############.
...#........>..y@................
..##..##.........................
.. #.............................
.# #...#.#...#.......############
#.... #...#..y....# ########## ..
#..)#.......# #......... .
##...y......# #########.
#.s........# #. ...........
#######.


You could see a centaur, a scorpion and 3 killer bees.

Vanquished Creatures
  Sigmund (D:4)
  Duvessa (D:5)
  A phantom (D:4)
  A scorpion (D:5)
  A necrophage (D:4)
  Dowan (D:5)
  2 jellies
  A hound (D:4)
  Crazy Yiuf (D:4)
  Ijyb (D:4)
  An iguana (D:4)
  3 adders
  A white imp (D:5)
  An ufetubus (D:5)
  4 worms
  3 dart slugs
  2 orcs
  10 ball pythons
  9 endoplasms
  5 giant cockroaches
  8 goblins
  6 hobgoblins
  5 jackals
  3 quokkas
  8 bats
  3 frilled lizards
  5 kobolds
  9 rats
97 creatures vanquished.

Vanquished Creatures (others)
  11 fulminant prisms
  5 fungi (D:4)
16 creatures vanquished.

Grand Total: 113 creatures vanquished

Notes
Turn   | Place    | Note
-------+----------+-------------------------------------------
     0 | D:1      | BlackCrag the Deep Elf Conjurer began the quest for the
                  | Orb.
     0 | D:1      | Reached XP level 1. HP: 10/10 MP: 6/6
    70 | D:1      | Reached XP level 2. HP: 7/15 MP: 0/8
   300 | D:1      | Learned a level 2 spell: Searing Ray
   428 | D:1      | Reached skill level 5 in Conjurations
   704 | D:1      | Reached XP level 3. HP: 19/19 MP: 7/9
   708 | D:1      | Learned a level 3 spell: Mephitic Cloud
  1419 | D:2      | Found a radiant altar of Vehumet.
  1426 | D:2      | Became a worshipper of Vehumet
  1790 | D:2      | Reached XP level 4. HP: 24/24 MP: 4/11
  1854 | D:2      | Learned a level 4 spell: Fulminant Prism
  2091 | D:2      | Reached * piety under Vehumet
  2091 | D:2      | Offered knowledge of Freeze by Vehumet.
  3154 | D:3      | Found a faded altar of an unknown god.
  3359 | D:4      | Noticed a necrophage
  3363 | D:4      | Killed a necrophage
  3364 | D:4      | Reached skill level 6 in Conjurations
  3364 | D:4      | Reached skill level 1 in Hexes
  3364 | D:4      | Reached XP level 5. HP: 28/28 MP: 5/13
  3376 | D:4      | Noticed Sigmund
  3444 | D:4      | Noticed Ijyb
  3590 | D:4      | Paralysed by Ijyb for 5 turns
  3600 | D:4      | Killed Ijyb
  3744 | D:4      | Reached XP level 6. HP: 28/32 MP: 1/15
  3888 | D:4      | Learned a level 4 spell: Iskenderun's Mystic Blast
  4077 | D:4      | Reached skill level 5 in Spellcasting
  4212 | D:4      | Killed Sigmund
  4213 | D:4      | Reached skill level 7 in Conjurations
  4213 | D:4      | Reached XP level 7. HP: 26/36 MP: 5/17
  4474 | D:4      | Found a runed translucent door.
  4475 | D:4      | Noticed Crazy Yiuf
  4484 | D:4      | Killed Crazy Yiuf
  4644 | D:5      | Entered Level 5 of the Dungeon
  4949 | D:5      | Noticed Dowan
  4951 | D:5      | Noticed Duvessa
  4959 | D:5      | Killed Duvessa
  4959 | D:5      | Offered knowledge of Poisonous Vapours by Vehumet.
  4974 | D:5      | Reached ** piety under Vehumet
  4978 | D:5      | Noticed a wyvern
  5332 | D:5      | Killed Dowan
  5350 | D:5      | HP: 1/36 [centaur/arrow (8)]
  5351 | D:5      | Slain by a killer bee

Illustrated notes

Levels and vault maps discovered:
D:1:      tarquinn_simple_flora_water_f, layout_loops_ring
D:2:      layout_loops_ring, basic_altar, minmay_divided_ellipse
D:3:      layout_basic, chequers_ecumenical_altar_grove
D:4:      layout_rooms, uniq_crazy_yiuf_cottage, uniq_ijyb, uniq_sigmund
D:5:      layout_basic, minmay_temple_entry_statues_fountains, uniq_duvessa

Skill      XL: |  1  2  3  4  5  6  7 |
---------------+----------------------+-----
Conjurations   | 5 6 7 |  7.7
Stealth        | 3 |  3.8
Spellcasting   | 4 5 6 |  6.4
Hexes          | 1 2 3 |  3.7
Dodging        | 3 |  3.3
Fighting       | |  0.2
Short Blades   | |  0.2
Air Magic      | |  0.6
Poison Magic   | |  0.5
Evocations     | |  0.6

Action                   |  1- 3 |  4- 6 |  7- 9 || total
-------------------------+-------+-------+-------++-------
Melee: Unarmed           |    23 |       |       ||    23
       Dagger            |       |       |     2 ||     2
       Quarterstaff      |       |       |     2 ||     2
 Cast: Magic Dart        |    73 |    65 |     4 ||   142
       Searing Ray       |     4 |    13 |     4 ||    21
       Mephitic Cloud    |     2 |     1 |     1 ||     4
       Fulminant Prism   |       |     5 |     6 ||    11
Evoke: Wand              |       |     2 |     2 ||     4
  Use: Scroll            |     2 |     5 |     1 ||     8
       Potion            |       |     1 |     1 ||     2
 Stab: Paralysed         |       |       |     2 ||     2
Armor: Robe              |     6 |     1 |       ||     7
Dodge: Dodged            |    22 |    12 |     4 ||    38
